 Dungeon Sprint DCSS version 0.20-a0-40-gb6e7b4f (webtiles) character file.

3798 esc the Thaumaturge (level 9, 0/60 HPs)
             Began as a Deep Elf Fire Elementalist on Nov 11, 2016.
             Was a Priest of Vehumet.
             Killed from afar by an oklob plant (11 damage)
             ... with a splash of acid
             ... in the Dungeon (Sprint I: "Red Sonja").
             The game lasted 00:06:01 (1910 turns).

esc the Thaumaturge (Deep Elf Fire Elementalist)    Turns: 1910, Time: 00:06:01

Health: 0/60       AC: -3    Str:  5    XL:     9   Next: 96%
Magic:  1/28       EV: 19    Int: 24    God:    Vehumet [***...]
Gold:   736        SH:  0    Dex: 15    Spells: 3 memorised, 24 levels left

rFire  + . .     SeeInvis .     k - +0 short sword (venom)
rCold  . . .     Gourm    .     m - +1 leather armour {rF+}
rNeg   . . .     Faith    .     (no shield)
rPois  .         Spirit   .     (no helmet)
rElec  .         Reflect  .     (no cloak)
rCorr  .         Harm     .     (no gloves)
MR     .....     NoTele   +     (no boots)
Stlth  ++........               (no amulet)
                                (no ring)
                                (no ring)

@: corroded
A: no striking features
a: Renounce Religion


You were in the Dungeon.
You worshipped Vehumet.
Vehumet was most pleased with you.
You were not hungry.

You visited 1 branch You collected 918 gold pieces.
You spent 182 gold pieces at shops.

Inventory:

Hand Weapons
 j - a +0 blowgun
   (You took it off Sonja in the Dungeon)
 k - a +0 short sword of venom (weapon)
   (You took it off Sonja in the Dungeon)
Missiles
 d - 7 curare-tipped needles
Armour
 a - a +0 robe
 m - a +1 leather armour of fire resistance (worn)
   (You bought it in a shop in the Dungeon)
Scrolls
 i - a scroll of blinking {!r}
 l - 2 scrolls of identify {unknown}
 o - 2 scrolls of remove curse {unknown}
Potions
 e - a potion of heal wounds
 f - a potion of haste
 g - 2 potions of magic
 h - a potion of berserk rage {!q}
 n - 2 potions of curing
 p - a potion of mutation {unknown}
Books
 b - a book of Flames
Comestibles
 c - a bread ration {@e1}
 q - 6 chunks of flesh {@w0}


   Skills:
 + Level 8.5 Fighting
 + Level 4.1 Armour
 + Level 12.2 Dodging
 - Level 2.4 Stealth
 + Level 13.1 Spellcasting
 + Level 11.1 Conjurations
 + Level 11.6 Fire Magic


You had 24 spell levels left.
You knew the following spells:

 Your Spells              Type           Power        Failure   Level  Hunger
a - Flame Tongue          Conj/Fire      #####        1%          1    None
f - Fireball              Conj/Fire      ######....   1%          5    ###....
s - Sticky Flame          Conj/Fire      ######..     1%          4    None


Dungeon Overview and Level Annotations

Branches:
Dungeon (1/1)

Altars:
Cheibriados
Dithmenos
Elyvilon
Fedhas
Gozag
Hepliaklqana
Kikubaaqudgha
Makhleb
Nemelex Xobeh
Okawaru
Qazlal
Ru
Sif Muna
Trog
Uskayaw
Vehumet
Xom
Yredelemnul
Zin
The Shining One
Jiyva
Lugonu

Shops:
D ([

Annotations:
D exclusion: oklob plant


Message History

Vehumet accepts your kill.
Vehumet offers you knowledge of Ignite Poison.
You hear a splash. x2
Your Armour skill increases to level 4!
Your Dodging skill increases to level 12!
Your Spellcasting skill increases to level 13!
Your Conjurations skill increases to level 11!
You now have 11/28 mp.
You start resting.
Health restored: 60; MP restored: 28
There is an open door, spattered with blood here.
You see here an arrow.
You enter the shallow water.
Moving in this stuff is going to be slow.
Things that are here:
a shortbow of freezing; 6 arrows; a centaur corpse You butcher the centaur corpse.
You hear a splash.
q - 6 chunks of flesh {@w0}
Things that are here:
a shortbow of freezing; 6 arrows; a centaur skeleton
Things that are here:
a longbow; 20 arrows There isn't anything to butcher here.
l - 2 scrolls labeled VOUDEF COFETIS (gained 1)
You open the door.
A hornet comes into view.
The hornet buzzes angrily.
There is an open door here.
Aim: a hornet (purple smoke)
The sticky flame hits the hornet.
The hornet is covered in liquid flames!
The hornet burns!
The hornet barely misses you. x2
You now have 24/28 mp.
The hornet burns!
The hornet burns!
The hornet completely misses you.
You see here 29 arrows.
You barely miss the hornet.
The hornet burns!
The hornet misses you.
You hit the hornet.
You kill the hornet!
Vehumet accepts your kill.
Vehumet is aiding your destructive magics.
You feel your power returning.
You regained 2 mp, and now have 26/28 mp.
There is an open door here.
You now have 655 gold pieces (gained 27).
You now have 682 gold pieces (gained 27).
You now have 709 gold pieces (gained 27).
MP restored: 28 You now have 736 gold pieces (gained 27).
You open the door.
An oklob plant comes into view.
There is an open door here.
The helpless oklob plant fails to defend itself.
You hit the oklob plant but do no damage.
The oklob plant spits acid at you. The splash of acid misses you.
Aim: an oklob plant The sticky flame hits the oklob plant.
The oklob plant is covered in liquid flames!
The oklob plant burns!
You now have 24/28 mp.
Aim: an oklob plant (lightly damaged, covered in liquid flames)
The sticky flame hits the oklob plant.
The oklob plant is covered in liquid flames!
The oklob plant burns!
You now have 20/28 mp.
Aim: an oklob plant (moderately damaged, covered in liquid flames)
The sticky flame hits the oklob plant.
The oklob plant is covered in liquid flames!
The oklob plant burns!
You now have 16/28 mp.
Aim: an oklob plant (heavily damaged, covered in liquid flames)
The sticky flame hits the oklob plant.
The oklob plant appears unharmed.
The oklob plant burns!
You now have 12/28 mp.
Aim: an oklob plant (heavily damaged, covered in liquid flames)
The sticky flame hits the oklob plant.
The oklob plant burns!
You now have 9/28 mp.
Aim: an oklob plant (severely damaged, covered in liquid flames)
The sticky flame hits the oklob plant.
The oklob plant appears unharmed.
The oklob plant burns!
The oklob plant spits acid at you. The splash of acid hits you!
The acid corrodes you!
You are splashed with acid!
The acid burns!
You take 25 damage, and have 35/60 hp.
MASSIVE DAMAGE!!
You now have 5/28 mp.
Aim: an oklob plant (severely damaged, covered in liquid flames)
The sticky flame hits the oklob plant.
The oklob plant burns!
The oklob plant spits acid at you. The splash of acid hits you!
The acid corrodes you!
You are splashed with acid!
The acid burns!
* * * LOW HITPOINT WARNING * * *
You take 25 damage, and have 10/60 hp.
MASSIVE DAMAGE!!
You now have 1/28 mp.
The oklob plant burns!
The oklob plant spits acid at you. The splash of acid hits you!
You die...

####################
'..#..'..#__#.)+...#
#..'[.#..'..').#...#
##'#####'#__####..s'ss
#..#...#.####§.#####s.
####..##.#≈≈§§.#§§# #
___##'#..+§§§§§'§§#
∩...)..)_#§)§.§#@§#
.__##_.#'##(#####§#
___###'#.#(.[)###P+
######.####'###)###
+...'.....'[∩#
#...########## ###.###
#.#'#.# #.....#


You could see an oklob plant (burning).

Vanquished Creatures
  2 centaur warriors (D)
  Sonja (D)
  A deep troll (D)
  2 kobold demonologists (D)
  A hornet (D)
  A slime creature (D)
  A yak (D)
  Sigmund (D)
  A floating eye (D)
  An ogre (D)
  A jelly (D)
  Ijyb (D)
  3 ballistomycetes (D)
17 creatures vanquished.

Vanquished Creatures (others)
  2 ballistomycete spores (D)
2 creatures vanquished.

Grand Total: 19 creatures vanquished

Notes
Turn   | Place    | Note
-------+----------+-------------------------------------------
     0 | D        | esc the Deep Elf Fire Elementalist began the quest for the Orb.
     0 | D        | Reached XP level 1. HP: 10/10 MP: 6/6
     1 | D        | Noticed Ijyb
     5 | D        | Killed Ijyb
     5 | D        | Reached skill level 1 in Fighting
     5 | D        | Reached skill level 3 in Dodging
     5 | D        | Reached skill level 4 in Spellcasting
     5 | D        | Reached skill level 2 in Conjurations
     5 | D        | Reached skill level 4 in Fire Magic
     5 | D        | Reached XP level 2. HP: 17/17 MP: 2/9
    73 | D        | Noticed an ogre
    80 | D        | Killed an ogre
    80 | D        | Reached skill level 3 in Fighting
    80 | D        | Reached skill level 5 in Dodging
    80 | D        | Reached skill level 5 in Spellcasting
    80 | D        | Reached skill level 4 in Conjurations
    80 | D        | Reached skill level 5 in Fire Magic
    80 | D        | Reached XP level 3. HP: 23/23 MP: 4/12
    80 | D        | Reached XP level 4. HP: 28/28 MP: 4/13
   113 | D        | Learned a level 4 spell: Sticky Flame
   146 | D        | Noticed Sigmund
   151 | D        | Killed Sigmund
   151 | D        | Reached skill level 4 in Fighting
   151 | D        | Reached skill level 7 in Dodging
   151 | D        | Reached skill level 7 in Spellcasting
   151 | D        | Reached skill level 5 in Conjurations
   151 | D        | Reached skill level 6 in Fire Magic
   151 | D        | Reached XP level 5. HP: 33/33 MP: 9/17
   201 | D        | Found a deep blue altar of Sif Muna.
   203 | D        | Found a radiant altar of Vehumet.
   206 | D        | Reached skill level 6 in Conjurations
   206 | D        | Reached skill level 7 in Fire Magic
   206 | D        | Reached XP level 6. HP: 39/39 MP: 14/18
   225 | D        | Became a worshipper of Vehumet
   242 | D        | Found Fuwnime's Antique Weapon Emporium.
   242 | D        | Found an ancient bone altar of Kikubaaqudgha.
   242 | D        | Found a hazy altar of Hepliaklqana.
   242 | D        | Found a stormy altar of Qazlal.
   242 | D        | Found a hide-covered altar of Uskayaw.
   242 | D        | Found a blossoming altar of Fedhas.
   242 | D        | Found a bloodstained altar of Trog.
   242 | D        | Found an iron altar of Okawaru.
   242 | D        | Found a basalt altar of Yredelemnul.
   242 | D        | Found a glowing golden altar of the Shining One.
   242 | D        | Found a snail-covered altar of Cheibriados.
   242 | D        | Found a sacrificial altar of Ru.
   242 | D        | Found a glowing silver altar of Zin.
   242 | D        | Found a shadowy altar of Dithmenos.
   242 | D        | Found a white marble altar of Elyvilon.
   242 | D        | Noticed a yak
   247 | D        | Killed a yak
   247 | D        | Reached skill level 5 in Fighting
   247 | D        | Reached skill level 8 in Dodging
   247 | D        | Reached skill level 8 in Spellcasting
   247 | D        | Reached skill level 7 in Conjurations
   248 | D        | Found an opulent altar of Gozag.
   249 | D        | Found a sparkling altar of Nemelex Xobeh.
   319 | D        | Found a burning altar of Makhleb.
   319 | D        | Found a viscous altar of Jiyva.
   319 | D        | Found a shimmering altar of Xom.
   319 | D        | Found a corrupted altar of Lugonu.
   319 | D        | Noticed a slime creature
   328 | D        | HP: 2/40 [slime creature (20)]
   337 | D        | Killed a slime creature
   337 | D        | Reached skill level 9 in Spellcasting
   337 | D        | Reached skill level 8 in Fire Magic
   337 | D        | Reached XP level 7. HP: 3/45 MP: 8/22
   618 | D        | Noticed Sonja
   623 | D        | HP: 7/45 [asphyx]
   624 | D        | Killed Sonja
   624 | D        | Reached * piety under Vehumet
   624 | D        | Offered knowledge of Sandblast by Vehumet.
   624 | D        | Reached skill level 6 in Fighting
   624 | D        | Reached skill level 10 in Dodging
   624 | D        | Reached skill level 10 in Spellcasting
   624 | D        | Reached skill level 8 in Conjurations
   624 | D        | Reached skill level 9 in Fire Magic
   624 | D        | Reached XP level 8. HP: 15/52 MP: 19/24
   827 | D        | Noticed a deep troll
   836 | D        | HP: 11/52 [deep troll (16)]
   836 | D        | HP: 4/52 [deep troll (7)]
   847 | D        | Killed a deep troll
   847 | D        | Reached skill level 7 in Fighting
   847 | D        | Reached skill level 11 in Spellcasting
   847 | D        | Reached skill level 9 in Conjurations
   847 | D        | Reached skill level 10 in Fire Magic
   875 | D        | Found Elomyvi's Armour Emporium.
   879 | D        | Bought a +1 leather armour of fire resistance for 182 gold pieces
  1382 | D        | Learned a level 5 spell: Fireball
  1382 | D        | Noticed a kobold demonologist
  1383 | D        | Noticed a kobold demonologist
  1384 | D        | Paralysed by a floating eye for 3 turns
  1391 | D        | Killed a kobold demonologist
  1391 | D        | Offered knowledge of Magic Dart by Vehumet.
  1391 | D        | Reached ** piety under Vehumet
  1391 | D        | Reached skill level 1 in Armour
  1391 | D        | Reached skill level 11 in Dodging
  1391 | D        | Reached skill level 12 in Spellcasting
  1391 | D        | Reached skill level 10 in Conjurations
  1391 | D        | Reached XP level 9. HP: 57/57 MP: 18/27
  1399 | D        | Noticed an orange demon
  1417 | D        | HP: 13/57 [poisoned by an orange demon]
  1418 | D        | HP: 6/57 [shadow imp[a kobold demonologist] (3)]
  1419 | D        | Killed a kobold demonologist
  1419 | D        | Reached skill level 2 in Armour
  1422 | D        | Noticed a demonic crawler
  1422 | D        | Noticed a demonic crawler
  1422 | D        | Noticed a demonic crawler
  1422 | D        | Noticed a demonic crawler
  1714 | D        | Noticed a centaur warrior
  1715 | D        | Noticed a centaur warrior
  1719 | D        | Killed a centaur warrior
  1719 | D        | Reached skill level 8 in Fighting
  1719 | D        | Reached skill level 3 in Armour
  1719 | D        | Reached skill level 11 in Fire Magic
  1719 | D        | Killed a centaur warrior
  1719 | D        | Offered knowledge of Ignite Poison by Vehumet.
  1719 | D        | Reached skill level 4 in Armour
  1719 | D        | Reached skill level 12 in Dodging
  1719 | D        | Reached skill level 13 in Spellcasting
  1719 | D        | Reached skill level 11 in Conjurations
  1888 | D        | Reached *** piety under Vehumet
  1900 | D        | Noticed an oklob plant
  1909 | D        | HP: 10/60 [acid (11)]
  1910 | D        | Killed from afar by an oklob plant

Vault maps used:
D:        dungeon_sprint_1

Skill      XL: |  1  2  3  4  5  6  7  8  9 |
---------------+----------------------------+-----
Fighting       | 1 3 4 5 6 7 8 |  8.5
Dodging        | 3 5 7 8 10 11 12 | 12.2
Spellcasting   | 4 5 7 9 10 12 13 | 13.1
Conjurations   | 2 4 5 6 7 8 10 11 | 11.1
Fire Magic     | 4 5 6 7 8 9 10 11 | 11.6
Armour         | 1 4 |  4.1
Stealth        | |  2.4

Action                   |  1- 3 |  4- 6 |  7- 9 || total
-------------------------+-------+-------+-------++-------
Melee: Spear             |       |     1 |       ||     1
       Short sword       |       |       |    54 ||    54
 Fire: Blowgun           |       |       |     2 ||     2
 Cast: Flame Tongue      |     7 |    14 |       ||    21
       Sticky Flame      |       |     4 |    16 ||    20
       Fireball          |       |       |     3 ||     3
  Use: Potion            |       |       |     2 ||     2
 Stab: Sleeping          |       |       |     1 ||     1
  Eat: Bread ration      |       |       |     1 ||     1
Armor: Robe              |     1 |       |     1 ||     2
       Leather armour    |       |       |     6 ||     6
Dodge: Dodged            |     1 |     4 |    39 ||    44

Vault maps used:
D:        dungeon_sprint_1

Table legend:
 A = Turns spent in this place as a percentage of turns spent in the entire game.
 B = Non-inter-level travel turns spent in this place as a percentage of non-inter-level travel turns spent in the entire game.
 C = Inter-level travel turns spent in this place as a percentage of turns spent in this place.
 D = Turns resting spent in this place as a percentage of non-inter-level travel turns spent in this place.
 E = Turns spent auto-exploring this place as a percentage of non-inter-level travel turns spent in this place.
 F = Non-inter-level travel turns spent in this place divided by the number of levels of this place that you've seen.
                   A       B       C       D       E      F
               +-------+-------+-------+-------+-------+----------------------
         Total | 100.0 | 100.0 |   0.0 |   5.5 |   0.0 | 472.0
       Dungeon | 100.0 | 100.0 |   0.0 |   5.5 |   0.0 | 472.0
               +-------+-------+-------+-------+-------+----------------------

Table legend:
 A = Kills in this place as a percentage of kills in entire the game.
 B = Kills by you in this place as a percentage of kills by you in the entire game.
 C = Kills by friends in this place as a percentage of kills by friends in the entire game.
 D = Other kills in this place as a percentage of other kills in the entire game.
 E = Experience gained in this place as a percentage of experience gained in the entire game.
 F = Experience gained in this place divided by the number of levels of this place that you have seen.
                   A       B       C       D       E      F
               +-------+-------+-------+-------+-------+----------------------
         Total | 100.0 | 100.0 |  -nan |  -nan | 100.0 | 5426.0
       Dungeon | 100.0 | 100.0 |  -nan |  -nan | 100.0 | 5426.0
               +-------+-------+-------+-------+-------+----------------------
